 Dungeon Crawl Stone Soup version 0.26-a0-1086-g9010512d90 (webtiles) character file.

Game seed: 16471242516061160853

65 dolemite99 the Bolt Thrower (level 4, 0/38 HPs)
             Began as a Hill Orc Hunter on Dec 15, 2020.
             Succumbed to an adder's poison
             ... on level 2 of the Dungeon.
             The game lasted 00:02:14 (1776 turns).

dolemite99 the Bolt Thrower (Hill Orc Hunter)       Turns: 1776, Time: 00:02:15

Health: 0/38       AC:  3    Str: 15    XL:     4   Next: 13%
Magic:  4/4        EV: 12    Int: 13    God:
Gold:   18         SH:  0    Dex: 13    Spells: 3/3 levels left

rFire    . . .     SeeInvis .   t - +0 short sword
rCold    . . .     Faith    .   (no shield)
rNeg     . . .     Spirit   .   c - +0 leather armour
rPois    .         Reflect  .   (no helmet)
rElec    .         Harm     .   (no cloak)
rCorr    .         Rampage  .   (no gloves)
Will     .....                  (no boots)
Stlth    +.........             (no amulet)
HPRegen  0.12/turn              (no ring)
MPRegen  0.09/turn              (no ring)

@: mighty, lethally poisoned (0 -> -1), hasted, very quick
A: agile 1, clever 1
a: no special abilities


You were on level 2 of the Dungeon.
You visited 1 branch of the dungeon, and saw 2 of its levels.

You collected 18 gold pieces.

Inventory:

Hand Weapons
 a - a +1 hand crossbow
 b - a +0 hunting sling
 g - a +0 mace
 s - a cursed -2 short sword
 t - a +0 short sword (weapon)
Missiles
 p - 70 stones (quivered)
 q - 4 atropa-tipped darts
Armour
 c - a +0 leather armour (worn)
 d - a +0 ring mail
Scrolls
 f - a scroll of blinking {unknown}
 h - a scroll of remove curse {unknown}
 i - a scroll of teleportation {unknown}
 k - a scroll of random uselessness {unknown}
 o - a scroll of magic mapping {unknown}
 r - a scroll of amnesia {unknown}
 u - a scroll of fog {unknown}
Potions
 e - 2 potions of magic


   Skills:
 + Level 3.4 Fighting
 * Level 0.5 Slings
 - Level 4.5 Crossbows
 - Level 1.5 Dodging
 - Level 0.7 Stealth


You had 3 spell levels left.
You didn't know any spells.
Your spell library was empty.

Dungeon Overview and Level Annotations

Branches:
Dungeon (2/15)

Altars:
Cheibriados


Innate Abilities, Weirdness & Mutations

You are agile. (Dex +2)
Your mind is acute. (Int +2)


Message History

It was a potion of mutation.
You feel extremely strange.
You feel agile.
You feel clever.
Your magic is already full.
You don't know any spells.
* * * LOW HITPOINT WARNING * * *
You feel sick.
There is a lethal amount of poison in your body!
There is a lethal amount of poison in your body!
There is a lethal amount of poison in your body!
There is a lethal amount of poison in your body!
There is a lethal amount of poison in your body!
* * * LOW HITPOINT WARNING * * *
You feel sick.
* * * LOW HITPOINT WARNING * * *
You feel sick.
* * * LOW HITPOINT WARNING * * *
You feel sick.
There is a lethal amount of poison in your body!
There is a lethal amount of poison in your body!
You die...

#...... #...###
##########..†###
#.......#.......
###.......#.......
#.'.......'.......
#.#.......#.......
#.#########.......
#@# #....... #.#
#....... #(#
######## #'# .(.
#..). #....(
#...... ?..#####


There were no monsters in sight!

Vanquished Creatures
  3 adders (D:2)
  An ooze (D:1)
  2 dart slugs
  A leopard gecko (D:1)
  4 bats (D:1)
  2 giant cockroaches
  3 hobgoblins (D:1)
  3 frilled lizards (D:1)
  5 goblins
  A kobold (D:2)
  5 rats
30 creatures vanquished.

Notes
Turn   | Place    | Note
-------+----------+-------------------------------------------
     0 | D:1      | dolemite99 the Hill Orc Hunter began the quest for the Orb.
     0 | D:1      | Reached XP level 1. HP: 18/18 MP: 1/1
   125 | D:1      | Reached skill level 4 in Crossbows
   125 | D:1      | Reached XP level 2. HP: 25/25 MP: 2/2
   687 | D:1      | Reached XP level 3. HP: 12/30 MP: 3/3
  1345 | D:2      | Found a snail-covered altar of Cheibriados.
  1742 | D:2      | Reached XP level 4. HP: 15/38 MP: 4/4
  1750 | D:2      | Gained mutation: You are agile. (Dex +2) [potion of
                  | mutation]
  1750 | D:2      | Gained mutation: Your mind is acute. (Int +2) [potion of
                  | mutation]
  1764 | D:2      | HP: 1/38 [poisoned by an adder]
  1770 | D:2      | HP: 1/38 [poisoned by an adder]
  1776 | D:2      | Succumbed to an adder's poison

Illustrated notes

Levels and vault maps discovered:
D:1:      ncdulo_smallfort, layout_rooms
D:2:      layout_basic, overflow_temple_1_default, grunt_dithmenos_smoke,
          uniq_sigmund

Skill      XL: |  1  2  3 |
---------------+----------+-----
Crossbows      | 4 |  4.5
Fighting       | 3 |  3.4
Slings         | |  0.5
Dodging        | |  1.5
Stealth        | |  0.7

Action                   |  1- 3 |  4- 6 || total
-------------------------+-------+-------++-------
Melee: Short sword       |    25 |     4 ||    29
 Fire: Hand crossbow     |    66 |       ||    66
       Hunting sling     |     4 |       ||     4
  Use: Scroll            |     2 |       ||     2
       Potion            |       |     3 ||     3
Armor: Leather armour    |    14 |       ||    14
Dodge: Dodged            |    28 |     1 ||    29

Table legend: (Time is in decaauts)
 A = Elapsed time spent in this place.
 B = Non-inter-level travel time spent in this place.
 C = Inter-level travel time spent in this place.
 D = Time resting spent in this place.
 E = Time spent auto-exploring this place.
 F = Levels seen in this place.
 G = Mean time per level.
                   A        B        C        D        E       F      G
               +--------+--------+--------+--------+--------+-----+--------+
         Total |   1784 |   1733 |     51 |    928 |    473 |   2 |  892.0 |
       Dungeon |   1784 |   1733 |     51 |    928 |    473 |   2 |  892.0 |
               +--------+--------+--------+--------+--------+-----+--------+

Top non-repeatable levels by time:
     D:1: 1348 daAuts
     D:2: 435 daAuts
